 Dungeon Crawl Stone Soup version 0.28.0-62-gf88900778d (webtiles) character file.

Game seed: 4195592112634037303

2225 cbfl8 the Chopper (level 9, -7/69 HPs)
             Began as a Demonspawn Fighter on Mar 21, 2024.
             Mangled by a gnoll
             ... wielding a +0 halberd
              (11 damage)
             ... on level 6 of the Dungeon.
             The game lasted 00:09:40 (8592 turns).

cbfl8 the Chopper (Demonspawn Fighter)              Turns: 8592, Time: 00:09:41

Health: -7/69      AC: 10    Str: 16    XL:     9   Next: 13%
Magic:  9/9        EV:  9    Int: 10    God:
Gold:   586        SH:  7    Dex: 19    Spells: 8/8 levels left

rFire   . . .      SeeInvis .   a - +0 war axe
rCold   + . .      Faith    .   c - +1 buckler
rNeg    . . .      Spirit   .   b - +0 scale mail
rPois   .          Reflect  .   m - +2 helmet
rElec   .          Harm     .   (no cloak)
rCorr   .          Rampage  .   (gloves unavailable)
Will    +....                   (no boots)
Stlth   +.........              j - amulet of regeneration
HPRegen 1.01/turn               i - ring of protection from cold
MPRegen 0.11/turn               (no ring)

@: no status effects
A: claws 3, thin skeletal structure 1, demonic guardian 1, ignite blood 1,
talons 2, strong-willed 1
a: no special abilities


You were on level 6 of the Dungeon.
You visited 2 branches of the dungeon, and saw 7 of its levels.

You collected 586 gold pieces.

Inventory:

Hand Weapons
 a - a +0 war axe (weapon)
Armour
 b - a +0 scale mail (worn)
 c - a +1 buckler (worn)
 m - a +2 helmet (worn)
Jewellery
 i - a ring of protection from cold (left claw)
 j - an amulet of regeneration (around neck)
Wands
 h - a wand of flame (8) (quivered)
Scrolls
 f - a scroll of vulnerability {unknown}
 g - a scroll of enchant armour
 l - a scroll of immolation
 o - a scroll of magic mapping {unknown}
 q - a scroll of summoning {unknown}
Potions
 d - a potion of curing
 e - 2 potions of haste
 k - a potion of lignification {unknown}
 n - a potion of flight {unknown}
 p - a potion of brilliance {unknown}
 r - a potion of invisibility {unknown}
 s - 2 potions of mutation


   Skills:
 + Level 5.6 Fighting
 + Level 6.9 Axes
 + Level 5.8 Armour
 + Level 4.0 Shields
 * Level 5.0 Evocations


You had 8 spell levels left.
You didn't know any spells.
Your spell library contained the following spells:

 Spells                   Type           Power      Damage    Failure   Level
 Sandblast                Erth           0%         2d4       85%         1
 Corpse Rot               Necr/Air       0%         N/A       94%         2
 Passwall                 Tmut/Erth      0%         N/A       94%         2
 Poisonous Vapours        Pois/Air       0%         N/A       94%         2
 Stone Arrow              Conj/Erth      0%         3d7       99%         3


Dungeon Overview and Level Annotations

Branches:
Dungeon (6/15)             Temple (1/1) D:5

Altars:
Dithmenos
Fedhas
Gozag
Kikubaaqudgha
Makhleb
Nemelex Xobeh
Ru
Sif Muna
Wu Jian
Xom
Yredelemnul


Innate Abilities, Weirdness & Mutations

You have claws for hands.
You have a somewhat thin skeletal structure. (Dex +2, Stealth+)
A weak demonic guardian rushes to your aid.
Your demonic aura sometimes causes spilled blood to erupt in flames.
You have razor-sharp toenails.
You are strong-willed. (Will+)


Message History

The gnoll shaman is heavily wounded.
The gnoll hits you from afar with a +0 halberd!
The gnoll shaman hits you with a +0 whip.
Your white imp gestures at the gnoll shaman.
The puff of frost hits the gnoll shaman.
The gnoll closely misses you. The gnoll hits you but does no damage.
You hit the gnoll shaman.
You kill the gnoll shaman!
The gnoll hits you from afar with a +0 halberd.
Your white imp hits the gnoll.
Your white imp freezes the gnoll.
The gnoll barely misses you. You block the gnoll's attack.
Unknown command.
You swap places.
The gnoll barely misses you.
The gnoll hits your white imp with a +0 halberd!
Your white imp dies!
Your white imp disappears in a puff of smoke!
Unknown command.
You hit the gnoll. You claw the gnoll.
The gnoll is heavily wounded.
You closely miss the gnoll. You block the gnoll's attack.
The gnoll hits you with a +0 halberd.
Unknown command.
You barely miss the gnoll. Your kick misses the gnoll.
The gnoll is heavily wounded.
You closely miss the gnoll.
The gnoll hits you with a +0 halberd! x2
The gnoll hits you but does no damage.
Unknown command.
You are too injured to fight recklessly!
Unknown command.
You are too injured to fight recklessly!
Unknown command.
You are too injured to fight recklessly!
The gnoll hits you with a +0 halberd!
* * * LOW HITPOINT WARNING * * *
The gnoll hits you from afar with a +0 halberd!
* * * LOW HITPOINT WARNING * * *
A demonic guardian appears!
The gnoll completely misses you.
The gnoll hits you from afar with a +0 halberd!
You die...

##.#..#... .....).#.[.
........#...
......#.###.######
.######.>.......<# .###
#........# ...####
#........# .#....#
#........# ####..#
#......5@# ..<..##
#.....)..#
...######.....g°g#####
............)?).g...?..
.......###############.
...##### ...# ...# ...#


You could see 3 gnolls and a friendly quasit (summoned).

Vanquished Creatures
  A centaur zombie (D:5)
  Menkaure (D:5)
  A sky beast (D:5)
  2 ogres (D:5)
  A centaur (D:6)
  A phantom (D:5)
  Blork the orc (D:4)
  4 scorpions
  2 water moccasin skeletons (D:5)
  A howler monkey (D:5)
  5 hounds
  2 jellies
  An orc priest (D:4)
  3 bullfrog skeletons (D:5)
  A centaur skeleton (D:5)
  A gnoll shaman (D:6)
  6 iguanas
  3 orc wizards
  A howler monkey zombie (D:3)
  Robin (D:3)
  9 gnolls
  5 adders
  An ufetubus (D:5)
  6 worms
  2 dart slugs
  13 orcs
  6 ball pythons
  6 endoplasms
  2 giant cockroaches
  12 hobgoblins
  3 jackals (D:2)
  5 kobolds
  2 quokkas
  8 bats
  2 frilled lizards
  7 goblins
  A jackal skeleton (D:2)
  5 rats
134 creatures vanquished.

Vanquished Creatures (collateral kills)
  An adder (D:4)
  3 gnolls (D:4)
4 creatures vanquished.

Grand Total: 138 creatures vanquished

Notes
Turn   | Place    | Note
-------+----------+-------------------------------------------
     0 | D:1      | cbfl8 the Demonspawn Fighter began the quest for the Orb.
     0 | D:1      | Reached XP level 1. HP: 18/18 MP: 1/1
    76 | D:1      | Found a faded altar of an unknown god.
   308 | D:1      | Gained mutation: You have sharp fingernails. [demonic
                  | ancestry]
   308 | D:1      | Reached XP level 2. HP: 22/24 MP: 2/2
   600 | D:1      | Reached skill level 2 in Axes
   921 | D:2      | Found a sacrificial altar of Ru.
   927 | D:2      | Gained mutation: Your demonic aura sometimes causes spilled
                  | blood to erupt in flames. [demonic ancestry]
   927 | D:2      | Reached XP level 3. HP: 29/29 MP: 3/3
  1022 | D:2      | Reached skill level 1 in Evocations
  1541 | D:2      | Reached XP level 4. HP: 29/35 MP: 4/4
  2070 | D:3      | Noticed Robin
  2078 | D:3      | Reached skill level 3 in Axes
  2080 | D:3      | Killed Robin
  2401 | D:3      | Gained mutation: You have very sharp fingernails. [demonic
                  | ancestry]
  2401 | D:3      | Reached XP level 5. HP: 33/41 MP: 5/5
  3233 | D:2      | Gained mutation: You have sharp toenails. [potion of
                  | mutation]
  3233 | D:2      | Gained mutation: You are strong-willed. (Will+) [potion of
                  | mutation]
  3233 | D:2      | Gained mutation: You have razor-sharp toenails. [potion of
                  | mutation]
  3238 | D:2      | Gained mutation: A weak demonic guardian rushes to your
                  | aid. [demonic ancestry]
  3238 | D:2      | Reached XP level 6. HP: 21/48 MP: 6/6
  3855 | D:4      | Reached skill level 4 in Axes
  4172 | D:4      | Found an opulent altar of Gozag.
  5126 | D:4      | Noticed Blork the orc
  5134 | D:4      | Killed Blork the orc
  5135 | D:4      | Gained mutation: You have claws for hands. [demonic
                  | ancestry]
  5135 | D:4      | Reached XP level 7. HP: 32/54 MP: 7/7
  5538 | D:5      | Entered Level 5 of the Dungeon
  5600 | D:5      | Reached skill level 5 in Axes
  5825 | D:5      | Reached XP level 8. HP: 23/61 MP: 8/8
  5830 | D:5      | Noticed Menkaure
  6987 | D:5      | Reached skill level 5 in Armour
  7390 | D:5      | Found a staircase to the Ecumenical Temple.
  7435 | D:5      | Killed Menkaure
  7465 | Temple   | Entered the Ecumenical Temple
  7712 | D:5      | Reached skill level 6 in Axes
  7870 | D:5      | Reached skill level 5 in Fighting
  8116 | D:5      | Gained mutation: You have a somewhat thin skeletal
                  | structure. (Dex +2, Stealth+) [demonic ancestry]
  8116 | D:5      | Reached XP level 9. HP: 55/68 MP: 9/9
  8578 | D:6      | Reached skill level 5 in Evocations
  8591 | D:6      | HP: 3/69 [gnoll/+0 halberd (11)]
  8592 | D:6      | Mangled by a gnoll

Illustrated notes

Levels and vault maps discovered:
D:1:      saegor_arrival_simple_d, layout_basic,
          dreamdust_ecumenical_altar_statues
D:2:      layout_loops_cross, basic_altar, minmay_small_reverse_x
D:3:      layout_loops_ring, uniq_robin
D:4:      layout_cave_pools, grunt_gozag_statues,
          eino_small_chamber_without_monster, uniq_blork_the_orc
D:5:      minmay_polygon_palace, layout_basic, minmay_temple_entry_fiery,
          minmay_misc_feat_chi, corner_web_ring, uniq_menkaure
D:6:      layout_rooms, worldfamousw_hep_ancestral_shrine,
          grunt_ashenzari_visionary [grunt_ashenzari_visionary_shoals,
          grunt_ashenzari_visionary_spider], gammafunk_ghost_arena
Temple:   nicolae_temple_figure_zero

Skill      XL: |  1  2  3  4  5  6  7  8  9 |
---------------+----------------------------+-----
Axes           | 2 3 4 5 6 |  6.9
Armour         | 3 4 5 |  5.8
Evocations     | 1 2 3 4 5 |  5.0
Shields        | 3 4 |  4.0
Fighting       | 4 5 |  5.6

Action                   |  1- 3 |  4- 6 |  7- 9 || total
-------------------------+-------+-------+-------++-------
Melee: War axe           |    90 |   177 |   183 ||   450
       Kick              |       |    23 |    54 ||    77
Evoke: Wand              |       |       |     7 ||     7
  Use: Potion            |       |     7 |     1 ||     8
       Scroll            |       |       |     8 ||     8
Armor: Scale mail        |    48 |   117 |   100 ||   265
Dodge: Dodged            |    42 |    82 |   113 ||   237
Block: Buckler           |    31 |    60 |    66 ||   157
